 Dungeon Crawl Stone Soup version 0.31-a0-986-g5e6e4ef867 (webtiles) character file.

Game seed: 7615849430533867465

70 lunkers the Insei (level 4, -5/52 HPs)
             Began as a Meteoran Shapeshifter on Nov 16, 2023.
             Was a Believer of Elyvilon.
             Slain by an orc warrior
             ... wielding a +0 battleaxe
              (10 damage)
             ... on level 3 of the Dungeon.
             The game lasted 00:02:25 (998 turns).

lunkers the Insei (Meteoran Shapeshifter)            Turns: 998, Time: 00:02:26

Health: -5/52      AC: 22    Str: 15    XL:     4   Next: 74%
Magic:  5/5        EV:  2    Int: 11    God:    Elyvilon [**....]
Gold:   174        SH:  0    Dex: 16    Spells: 3/3 levels left

rFire   . .          .
                       - Unarmed
rCold   . . .        (no shield)
rNeg    . . .        r - melded +0 ring mail
rPois   +            (helmet currently unavailable)
rElec   .            (cloak currently unavailable)
rCorr   .            j - melded +2 pair of gloves
SInv    .            u - melded +0 pair of boots of the Shoals {Rampage Int+3}
Will    +....        (no amulet)
Stlth   +            m - ring of willpower
HPRegen 0.28/turn    (no ring)
MPRegen 0.09/turn

%: no passive effects
@: tree-form, glowing
A: stationary, stasis, torment immunity, boosted hp, sense surroundings 1,
otherworldly, glowing, explore regen
a: Renounce Religion, Purification, Heal Other


You were on level 3 of the Dungeon.
You worshipped Elyvilon.
Elyvilon was pleased with you.
You were a tree.
You visited 1 branch of the dungeon, and saw 3 of its levels.

You collected 174 gold pieces.

Inventory:

Armour
 a - a +0 animal skin
 j - a +2 pair of gloves (melded)
 n - an orb of guile
 r - a +0 ring mail (melded)
 u - the +0 pair of boots of the Shoals (melded) {Rampage Int+3}
   (You found it on level 3 of the Dungeon)

   Int+3:     It affects your intelligence (+3).
   Rampage:   It bestows one free step when moving towards enemies.
Jewellery
 m - a ring of willpower (left branch)
Talismans
 c - a beast talisman
 d - a flux talisman (active)
Scrolls
 e - a scroll of poison {unknown}
 f - a scroll of fear {unknown}
 g - a scroll of fog {unknown}
 h - a scroll of blinking {unknown}
 k - a scroll of identify {unknown}
 o - 2 scrolls of teleportation {unknown}
 p - a scroll of torment {unknown}
 q - a scroll of noise {unknown}
Potions
 i - a potion of attraction {unknown}
 l - 2 potions of enlightenment {unknown}
 s - a potion of curing {unknown}
 t - a potion of heal wounds {unknown}


   Skills:
 - Level 1.1 Fighting
 - Level 2.1 Dodging
 * Level 5.3 Unarmed Combat
 + Level 4.4 Shapeshifting


You had 3 spell levels left.
You didn't know any spells.
Your spell library contained the following spells:

 Spells                   Type           Power      Damage    Failure   Level
 Blink                    Tloc           0%         N/A       47%         2
 Lesser Beckoning         Tloc           0%         N/A       47%         2
 Momentum Strike          Conj/Tloc      0%         3d8       47%         2


Dungeon Overview and Level Annotations

Branches:
Dungeon (3/15) Zot: 811

Altars:
Elyvilon

Shops:
D:1 (*!=(


Innate Abilities, Weirdness & Mutations

You are a tree.
Your roots penetrate the ground, keeping you stationary.
You cannot be teleported.
You are immune to unholy pain and torment.
Your maximum health is greatly increased.
Your equipment is partially melded.
You passively map a small area around you.
You are easily found by Zot.
You glow in the dark.
You regain HP and MP as you explore.


Message History

No target in view!
No target in view!
No target in view!
No target in view!
No target in view!
No target in view!
No target in view!
You start putting on your armour.
You continue putting on the +0 pair of boots of the Shoals {Rampage Int+3}. x4
The orc warrior hits you with a +0 battleaxe!
Ouch! That really hurt!
* * * LOW HITPOINT WARNING * * *
You hear a shout!
You finish putting on the +0 pair of boots of the Shoals {Rampage Int+3}.
You feel clever.
You feel ready to rampage towards enemies.
Unknown command.
Your transformation has ended.
You turn into a tree.
Your +2 pair of gloves melds into your body.
The +0 pair of boots of the Shoals {Rampage Int+3} melds into your body.
Your +0 ring mail melds into your body.
Your roots penetrate the ground.
The orc warrior hits you but does no damage.
You smack the orc warrior!
The orc warrior is moderately wounded.
Unknown command.
You barely miss the orc warrior.
The orc warrior is moderately wounded.
The orc warrior hits you with a +0 battleaxe!
* * * LOW HITPOINT WARNING * * *
An orc comes into view. It is wielding a +0 club.
The orc shouts!
You smack the orc warrior!
Your punch misses the orc warrior.
The orc warrior is severely wounded.
The orc warrior barely misses you.
Unknown command.
You barely miss the orc warrior.
The orc warrior is severely wounded.
The orc warrior hits you with a +0 battleaxe!
You die...

,, * #.#.# * #.# * *
#.# , * *# * #†# , ..#
, ###'######## ....
#..........#### ,.....
#.............#
.....o##..........##.#
*
,.....oo♣..>.......##.#
* ,
########..........##.#
##.##########.#
##.##########.# *
#.............#
###############


You could see an orc warrior and 2 orcs.

Vanquished Creatures
  3 adders
  A dart slug (D:1)
  An orc (D:3)
  4 ball pythons
  2 endoplasms (D:1)
  3 giant cockroaches
  2 hobgoblins
  3 jackals (D:1)
  A quokka (D:1)
  5 bats
  4 frilled lizards
  2 goblins
  5 kobolds
  4 rats (D:1)
40 creatures vanquished.

Notes
Turn   | Place    | Note
-------+----------+-------------------------------------------
     0 | D:1      | lunkers the Meteoran Shapeshifter began the quest for the
                  | Orb.
     0 | D:1      | Reached XP level 1. HP: 16/16 MP: 2/2
   131 | D:1      | Found Wiatric's Distillery.
   173 | D:1      | Found Taung's Weapon Boutique.
   187 | D:1      | Found Ybomyhut's Jewellery Shoppe.
   199 | D:1      | Reached XP level 2. HP: 20/23 MP: 3/3
   201 | D:1      | Reached skill level 4 in Unarmed Combat
   279 | D:1      | Reached XP level 3. HP: 21/28 MP: 4/4
   324 | D:1      | Found Uwkug's Assorted Antiques.
   349 | D:1      | Found a faded altar of an unknown god.
   377 | D:1      | Found Evue's Antique Weapon Shoppe.
   399 | D:1      | Prayed at the altar of an unknown god.
   399 | D:1      | Became a worshipper of Elyvilon the Healer
   399 | D:1      | Reached * piety under Elyvilon
   505 | D:1      | Glimpsed the power of Zot.
   606 | D:2      | Reached XP level 4. HP: 19/35 MP: 5/5
   672 | D:2      | Reached skill level 5 in Unarmed Combat
   816 | D:3      | Reached ** piety under Elyvilon
   937 | D:3      | Identified the +0 pair of boots of the Shoals {Rampage
                  | Int+3}
   989 | D:3      | Noticed an orc warrior
   998 | D:3      | Slain by an orc warrior

Illustrated notes

Levels and vault maps discovered:
D:1:      dpeg_arrival_snail, layout_basic, serial_shops,
          nicolae_shop_tiny_glass, nicolae_diamond_shop,
          nicolae_shop_temple_entry_statues_fountains, shop,
          nicolae_shop_statue_plus, chequers_ecumenical_altar_simple,
          chequers_hall_statues_y
D:2:      layout_rooms, nicolae_eternal_life
D:3:      layout_basic, zin_statuary

Skill      XL: |  1  2  3  4 |
---------------+-------------+-----
Unarmed Combat | 4 5 |  5.3
Shapeshifting  | 4 |  4.4
Fighting       | |  1.1
Dodging        | |  2.1

Action                     |  1- 3 |  4- 6 || total
---------------------------+-------+-------++-------
  Melee: Unarmed           |    81 |    36 ||   117
         Punch             |     3 |       ||     3
    Use: Potion            |       |     1 ||     1
 Armour: Animal skin       |    42 |    16 ||    58
         Ring mail         |       |     9 ||     9
         Skin              |       |     3 ||     3
  Dodge: Dodged            |    45 |    17 ||    62
   Form: Flux              |     1 |       ||     1

Table legend: (Time is in decaauts)
 A = Elapsed time spent in this place.
 B = Non-inter-level travel time spent in this place.
 C = Inter-level travel time spent in this place.
 D = Time resting spent in this place.
 E = Time spent auto-exploring this place.
 F = Levels seen in this place.
 G = Mean time per level.
                   A        B        C        D        E       F      G
               +--------+--------+--------+--------+--------+-----+--------+
         Total |    987 |    957 |     30 |      0 |    631 |   3 |  329.0 |
       Dungeon |    987 |    957 |     30 |      0 |    631 |   3 |  329.0 |
               +--------+--------+--------+--------+--------+-----+--------+

Top non-repeatable levels by time:
     D:1: 533 daAuts
     D:2: 268 daAuts
     D:3: 185 daAuts
